 Dungeon Crawl Stone Soup version 0.31-a0-198-g2ad674f65e (webtiles) character file.

Game seed: 12304665475854761526

28 qw the Shooter (level 3, 0/20 HPs)
             Began as a Deep Elf Hunter on June 25, 2023.
             Succumbed to their own poison gas
             ... on level 1 of the Dungeon.
             The game lasted 00:00:18 (532 turns).

qw the Shooter (Deep Elf Hunter)                     Turns: 532, Time: 00:00:19

Health: 0/20       AC:  5    Str: 10    XL:     3   Next: 0%
Magic:  5/5        EV: 11    Int: 13    God:
Gold:   62         SH:  0    Dex: 18    Spells: 2/2 levels left

rFire   . . .        Y - +0 shortbow
rCold   . . .        (shield currently unavailable)
rNeg    . . .        j - +0 ring mail
rPois   .            (no helmet)
rElec   .            (no cloak)
rCorr   .            (no gloves)
SInv    .            (no boots)
Will    .....        (no amulet)
Stlth   +            (no ring)
HPRegen 0.23/turn    (no ring)
MPRegen 0.09/turn

%: no passive effects
@: lethally poisoned (0 -> -5)
A: no striking features
a: no special abilities


You were on level 1 of the Dungeon.
You visited 1 branch of the dungeon, and saw 1 of its levels.

You collected 62 gold pieces.


   Skills:
 - Level 1.5 Fighting
 + Level 6.6 Ranged Weapons
 - Level 2.4 Dodging
 - Level 1.2 Stealth


You had 2 spell levels left.
You didn't know any spells.
Your spell library was empty.

Inventory:

Hand Weapons
 Y - a +0 shortbow (weapon)
Armour
 j - a +0 ring mail (worn)
Scrolls
 m - a scroll of identify
Potions
 f - a potion of enlightenment
 k - a potion of degeneration {unknown}

Dungeon Overview and Level Annotations

Branches:
Dungeon (1/15)

Altars:


Message History

Done exploring.
525 ||| READING 2 scrolls of identify.
As you read the scroll of identify, it crumbles to dust.
f - a potion of enlightenment;
525 ||| IDENTIFYING white potion Done exploring.
526 ||| DROPPING scroll of butterflies.
You drop a scroll of butterflies.
Done exploring.
527 ||| DROPPING 2 scrolls of fear.
You drop 2 scrolls of fear.
Done exploring.
(D) Dungeon
Where to? (* - list waypoints, ? - help)
What level of the Dungeon? (default 1, ? - help) Sorry, I don't know how to get there.
Enter note:
Enter note:
Enter note:
Enter note:
Enter note:
Enter note:
Enter note:
Enter note:
Enter note:
Enter note:
Enter note:
Enter note:
Enter note:
Enter note:
Enter note: Really walk into that cloud of poison gas?
You are engulfed in poison gas.
You are poisoned.
You feel very sick.
529 ||| Stepping ~*~*~tactically~*~*~ (cloud).
You feel very sick.
Items here: ?? [[.
There is a lethal amount of poison in your body!
You feel very sick.
There is a lethal amount of poison in your body!
You feel sick.
There is a lethal amount of poison in your body!
You die...

.....#.....#.#.#....#
..........####.####.#
...............#.0..#
..........######¤####
..........# #¤#
########### #0#
.......# #0#
.......#########.#
.........0¤¤¤000@#
.......###########
....)..# .....###
.....# .....##
......# ......#
......#


There were no monsters in sight!

Vanquished Creatures
  2 ball pythons (D:1)
  3 bats (D:1)
  2 endoplasms (D:1)
  3 giant cockroaches (D:1)
  3 goblins (D:1)
  A hobgoblin (D:1)
  2 jackals (D:1)
  2 quokkas (D:1)
  3 kobolds (D:1)
  3 rats (D:1)
24 creatures vanquished.

Notes
Turn   | Place    | Note
-------+----------+-------------------------------------------
     0 | D:1      | qw the Deep Elf Hunter began the quest for the Orb.
     0 | D:1      | Reached XP level 1. HP: 12/12 MP: 3/3
     0 | D:1      | 0 ||| qw: Version: 0.3-a-22-g0ed2b0b
     0 | D:1      | 0 ||| qw: Game counter: 5248
     0 | D:1      | 0 ||| qw: Melee chars always use a shield: true
     0 | D:1      | 0 ||| qw: God list: Okawaru
     0 | D:1      | 0 ||| qw: Allow faded altars: false
     0 | D:1      | 0 ||| qw: Do Orc after clearing Dungeon:15 true
     0 | D:1      | 0 ||| qw: Do second Lair branch before Depths: true
     0 | D:1      | 0 ||| qw: Lair rune preference: random
     0 | D:1      | 0 ||| qw: Goals: Normal
     0 | D:1      | 0 ||| PLANNING D:1-11
    79 | D:1      | Reached XP level 2. HP: 16/16 MP: 4/4
    84 | D:1      | Reached skill level 6 in Ranged Weapons
   388 | D:1      | Reached XP level 3. HP: 20/20 MP: 5/5
   461 | D:1      | 461 ||| UPGRADING to +0 scale mail.
   471 | D:1      | 471 ||| DROPPING +0 leather armour.
   472 | D:1      | 472 ||| UPGRADING to +0 ring mail.
   482 | D:1      | 482 ||| DROPPING +0 scale mail.
   483 | D:1      | 483 ||| READING scroll labelled EDIUNE SIGOMEG.
   484 | D:1      | 484 ||| READING scroll labelled ZYPUAKL VAPON.
   485 | D:1      | 485 ||| READING scroll labelled DUMAFU JOEZIOM.
   521 | D:1      | 521 ||| READING scroll labelled PEGUOSK ULAONO.
   522 | D:1      | 522 ||| READING 3 scrolls labelled SYUTOFFAXT.
   523 | D:1      | 523 ||| READING 3 scrolls labelled WOOSMO XUTO.
   524 | D:1      | 524 ||| READING scroll labelled LONEAQYUWK.
   525 | D:1      | 525 ||| READING 2 scrolls of identify.
   525 | D:1      | 525 ||| IDENTIFYING white potion
   526 | D:1      | 526 ||| DROPPING scroll of butterflies.
   527 | D:1      | 527 ||| DROPPING 2 scrolls of fear.
   529 | D:1      | 529 ||| Stepping ~*~*~tactically~*~*~ (cloud).
   530 | D:1      | HP: 3/20 [poisoned by you (poison gas)]
   531 | D:1      | HP: 1/20 [poisoned by you (poison gas)]
   532 | D:1      | Succumbed to their own poison gas

Levels and vault maps discovered:
D:1:      lightli_arrival_flooded_house, layout_basic

Skill      XL: |  1  2 |
---------------+-------+-----
Ranged Weapons | 6 |  6.6
Fighting       | |  1.5
Dodging        | |  2.4
Stealth        | |  1.2

Action                     || total
---------------------------++-------
   Fire: Shortbow          ||    53
    Use: Scroll            ||     8
 Armour: Leather armour    ||     1
  Dodge: Dodged            ||     2

Table legend:
 A = Non-vault XP
 B = Vault XP
 C = Vault XP percentage of total XP
 D = Non-vault monster count
 E = Vault monster count
 F = Vault count percentage of total count
                 A         B        C        D         E       F
            +---------+---------+-------+---------+---------+-------
      Total |      41 |       0 |   0.0 |      24 |       0 |   0.0
            +---------+---------+-------+---------+---------+-------
        D:1 |      41 |       0 |   0.0 |      24 |       0 |   0.0
            +---------+---------+-------+---------+---------+-------
